Map: Oxide LE

Players

Seither

  • Race: Terran Terran
  • League: Grandmaster

Demi - Winner!

  • Race: Zerg Zerg
  • League: Grandmaster

Event: DreamHack SC2 Masters 2021 Summer

VOD

Have the link to the VOD?

Description

Time

  • Played on: May 20, 2021, 6:21 a.m.
  • Length: 18:16

All games in this series

Show
View Real Time Build Order
Export as new Build Order

Seither Terran 

Build Orders: Reaper Expand 

Get SALT Encoding   

  12  0:00  SCV  
  13  0:12  SCV  
  14  0:17  Supply Depot  
  14  0:24  SCV  
  15  0:38  SCV  
  15  0:40  Barracks  
  16  0:43  Refinery  
  16  0:50  SCV  
  17  1:02  SCV  
  18  1:14  SCV  
  19  1:27  Reaper, Orbital Command  
  20  1:40  Command Center  
  20  1:50  Supply Depot  
  20  1:53  SCV  
  21  1:59  Marine  
  22  2:05  SCV  
  23  2:08  Factory  
  23  2:17  SCV  
  23  2:20  Barracks Reactor  
  24  2:29  SCV  
  25  2:39  Command Center  
  25  2:42  SCV  
  26  2:55  Orbital Command  
  26  2:56  SCV  
  27  3:03  Barracks  
  27  3:14  Hellion  
  27  3:15  Hellion  
  27  3:16  SCV  
  27  3:19  Refinery  
  32  3:20  Barracks Tech Lab  
  32  3:25  SCV  
  33  3:28  SCV  
  34  3:38  SCV  
  34  3:40  SCV, Marine, Stimpack  
  37  3:50  SCV  
  37  3:51  Orbital Command  
  37  3:52  Refinery, SCV  
  37  3:55  Starport  
  39  3:59  Marine x3  
  39  4:00  Factory Reactor  
  41  4:03  SCV  
  42  4:11  SCV  
  42  4:13  Refinery  
  42  4:15  SCV  
  44  4:20  SCV, Marine x2  
  44  4:21  Marine  
  44  4:23  SCV  
  49  4:27  SCV  
  50  4:31  Orbital Command  
  50  4:33  Factory  
  50  4:34  Supply Depot  
  50  4:38  Marine x3  
  50  4:40  SCV x2  
  50  4:45  Armory  
  55  4:48  Medivac  
  55  4:51  Medivac  
  55  4:52  SCV x2  
  61  4:56  Marine x3  
  61  4:58  Supply Depot  
  64  5:02  Supply Depot  
  64  5:03  SCV  
  64  5:04  SCV  
  66  5:07  SCV  
  66  5:14  Marine x2  
  67  5:19  Marine  
  67  5:20  SCV  
  71  5:21  Supply Depot  
  71  5:22  Factory Tech Lab  
  71  5:28  Starport Reactor  
  71  5:31  SCV x2  
  71  5:32  SCV  
  71  5:34  Marine x2  
  71  5:35  Widow Mine x2  
  80  5:36  Combat Shield  
  80  5:40  Engineering Bay x2  
  80  5:44  Drilling Claws, Marine  
  80  5:45  Widow Mine, Supply Depot  
  80  5:49  SCV x3  
  86  5:55  Supply Depot  
  86  6:02  Widow Mine x2  
  90  6:10  Marine  
  90  6:11  Terran Infantry Armor Level 1, Marine, Terran Infantry Weapons Level 1  
  92  6:17  SCV x2  
  92  6:18  SCV  
  91  6:24  Barracks, Medivac x2  
  95  6:27  Barracks  
  95  6:28  Barracks  
  95  6:32  Marine x3  
  98  6:35  SCV x3  
  98  6:39  Supply Depot  
  101  6:49  Marine  
  101  6:50  Marine x2  
  101  6:51  SCV x2  
  101  6:52  SCV  
  107  6:54  Supply Depot  
  107  6:55  Widow Mine  
  111  7:01  Widow Mine  
  111  7:06  Medivac x2  
  115  7:08  SCV  
  115  7:09  SCV  
  115  7:12  Supply Depot x2  
  117  7:16  Siege Tank  
  117  7:20  Barracks Reactor x3  
  120  7:23  SCV x3  
  120  7:24  Widow Mine  
  125  7:31  Refinery, Supply Depot  
  125  7:34  Widow Mine  
  125  7:35  SCV x2, Supply Depot  
  129  7:37  Marine x3  
  129  7:38  Medivac x2  
  129  7:57  Command Center  
  127  8:01  Marine x2  
  127  8:02  Marine x4  
  127  8:03  Widow Mine x3  
  127  8:04  SCV x3  
  140  8:07  Supply Depot  
  140  8:10  Supply Depot  
  128  8:20  SCV x2  
  128  8:26  Terran Infantry Armor Level 2, Terran Infantry Weapons Level 2  
  130  8:27  Barracks x2  
  130  8:29  Marine  
  130  8:30  Barracks, Marine x4  
  135  8:41  Supply Depot  
  135  8:44  Supply Depot  
  135  8:46  Marine x2  
  135  8:58  Marine x4  
  135  8:59  Widow Mine, Medivac x2  
  135  9:00  Widow Mine x2, SCV  
  135  9:01  SCV x2  
  144  9:11  Marine x4  
  144  9:16  Barracks Tech Lab x2  
  148  9:17  Barracks Tech Lab  
  137  9:33  Marauder, Marine x3  
  137  9:34  Marine x3  
  137  9:36  Widow Mine x3, Medivac x2  
  151  9:46  Marauder x2, Concussive Shells  
  151  9:47  Marauder, Planetary Fortress  
  151  9:49  SCV x2  
  151  9:50  SCV  
  160  9:54  Sensor Tower  
  160  9:55  Marauder  
  160  9:57  Ghost Academy  
  162  10:06  Marine x2  
  162  10:07  Marine  
  162  10:08  Widow Mine x3, Marauder x3, Medivac x2  
  162  10:12  SCV  
  162  10:13  SCV x2  
  182  10:19  Refinery  
  182  10:21  Command Center  
  182  10:30  Marauder x2  
  182  10:31  Marauder x2, Marine x2  
  182  10:32  Widow Mine x2  
  196  10:36  SCV x3  
  195  10:53  Terran Infantry Weapons Level 3, Terran Infantry Armor Level 3  
  195  10:56  Marine  
  200  10:57  Marauder x2  
  200  11:03  Marauder  
  200  11:08  Marine  
  200  11:09  Marauder, Marine  
  198  11:17  Command Center  
  198  11:18  Marauder  
  194  11:31  Marauder x2, Marine  
  199  11:36  Marine  
  198  11:45  Marauder x2, Marine x2  
  198  11:50  Marine  
  198  11:51  Marine x4  
  198  11:53  Marauder x2  
  193  11:54  Marine  
  184  12:02  Marine  
  184  12:03  Marine, Planetary Fortress  
  184  12:07  Marauder x2  
  180  12:08  Marine x2  
  180  12:09  Marine x2  
  180  12:13  Marine  
  180  12:14  Marauder x2, Marine  
  178  12:18  SCV x2  
  178  12:19  SCV  
  178  12:20  Marine x2  
  170  12:24  Widow Mine x3  
  170  12:28  Marauder x2  
  180  12:30  SCV x2  
  180  12:36  Marauder x2  
  181  12:47  Marine x2  
  181  12:49  Marauder  
  181  12:50  Marauder  
  187  12:54  Marine  
  187  12:55  Widow Mine  
  187  12:58  Marauder x2  
  194  13:02  Widow Mine  
  196  13:08  Supply Depot  
  196  13:11  Marauder x2  
  165  13:16  Liberator x2  
  165  13:19  Marauder  
  170  13:22  Marauder  
  172  13:29  Widow Mine x2  
  172  13:32  Marauder  
  179  13:34  SCV x4  
  179  13:39  Widow Mine  
  179  13:40  Marauder  
  179  13:41  Marauder  
  188  13:44  Marauder  
  188  13:55  Marine  
  188  13:56  Marine  
  188  14:01  Liberator  
  188  14:02  Liberator  
  193  14:10  Marauder x2  
  193  14:15  Marauder  
  193  14:16  SCV  
  196  14:39  Marine x3  
  196  14:40  Widow Mine, Marauder x2  
  197  14:51  Command Center  
  197  14:58  Marauder x2  
  200  15:32  Medivac x2  
  193  16:00  Marine  
  193  16:01  Marauder x3, Marine x4  
  193  16:02  Widow Mine x2, Orbital Command, Marauder  
  187  16:04  Liberator x2  
  187  16:07  Marine x3  
  196  16:31  Marine  
  196  16:32  Marauder  
  195  16:47  Viking x2  
  198  16:57  Marine x2  
  192  17:11  Thor  
  192  17:12  Widow Mine x2  
  192  17:17  Viking x2  
  196  17:33  Marine x2  
  198  17:45  Command Center  
  198  17:51  Marauder x2, Marine x5  
  126  17:52  Marauder x2, Marine  
Show
View Real Time Build Order
Export as new Build Order

Demi Zerg - Winner!

Build Orders: Hatch First 

Get SALT Encoding   

  12  0:00  Drone  
  13  0:12  Overlord  
  13  0:16  Drone  
  14  0:30  Drone x2  
  16  0:48  Hatchery  
  15  0:51  Drone  
  15  0:55  Drone  
  17  0:58  Drone  
  18  1:10  Extractor  
  17  1:13  Spawning Pool  
  17  1:16  Drone  
  17  1:20  Drone  
  18  1:28  Drone  
  19  1:38  Drone  
  20  1:50  Drone  
  21  2:00  Queen x2  
  21  2:01  Zergling x4  
  27  2:21  Metabolic Boost  
  27  2:23  Overlord  
  27  2:29  Drone  
  27  2:41  Drone x2  
  27  2:42  Drone  
  27  2:43  Drone, Overlord  
  31  2:44  Queen  
  33  3:01  Drone x2  
  33  3:04  Drone  
  33  3:05  Drone  
  37  3:11  Drone x3  
  39  3:19  Overlord  
  39  3:20  Queen  
  39  3:26  Hatchery, Queen  
  42  3:35  Drone  
  42  3:36  Overlord  
  42  3:39  Zergling x6  
  46  3:46  Drone  
  47  3:48  Drone  
  47  3:49  Overlord  
  47  3:55  Drone x5  
  53  4:05  Queen  
  55  4:10  Baneling Nest  
  55  4:12  Drone x4  
  58  4:23  Overlord x2  
  58  4:31  Drone x3  
  61  4:36  Overlord  
  61  4:37  Overlord  
  61  4:38  Drone x4  
  64  4:41  Queen  
  67  4:47  Drone  
  67  4:48  Lair  
  67  4:50  Drone x2  
  70  4:53  Extractor, Evolution Chamber x2  
  70  4:58  Drone  
  68  5:02  Drone x5  
  73  5:07  Extractor  
  73  5:14  Drone x2  
  74  5:15  Zergling x2  
  74  5:16  Zergling x6  
  78  5:23  Queen  
  78  5:28  Drone x4  
  84  5:29  Zerg Melee Weapons Level 1  
  84  5:30  Zergling x4  
  84  5:33  Hatchery  
  84  5:34  Zergling x8  
  89  5:38  Zerg Ground Armor Level 1  
  89  5:42  Zergling x4  
  91  5:57  Zergling x18  
  91  6:01  Hatchery  
  91  6:02  Baneling x3  
  99  6:10  Drone x5  
  102  6:12  Extractor  
  102  6:13  Centrifical Hooks, Overlord x3  
  97  6:18  Baneling  
  97  6:19  Baneling  
  95  6:27  Spore Crawler  
  95  6:32  Spore Crawler  
  93  6:35  Overlord x3  
  93  6:38  Zergling x12  
  99  6:44  Infestation Pit  
  99  6:45  Spore Crawler  
  96  6:51  Zergling x2  
  96  6:52  Zergling x12  
  103  6:55  Baneling x4  
  103  6:59  Drone x5  
  103  7:00  Queen  
  110  7:01  Drone x2  
  110  7:02  Drone  
  110  7:08  Baneling x3  
  113  7:12  Baneling x2  
  113  7:13  Baneling  
  113  7:15  Drone x3  
  115  7:16  Drone  
  116  7:23  Hatchery, Hive  
  116  7:25  Zerg Melee Weapons Level 2  
  116  7:28  Spore Crawler  
  116  7:29  Drone x2  
  116  7:30  Drone  
  116  7:31  Drone  
  116  7:35  Queen  
  116  7:36  Zerg Ground Armor Level 2  
  113  7:48  Zergling x24  
  115  8:00  Drone x10  
  115  8:05  Drone x2  
  121  8:13  Drone x3  
  121  8:14  Drone x2  
  121  8:16  Drone  
  121  8:17  Drone x2  
  127  8:23  Drone x3  
  130  8:27  Baneling x6  
  130  8:28  Baneling x7  
  130  8:29  Zergling x2  
  131  8:35  Zergling x10  
  131  8:37  Adrenal Glands  
  131  8:41  Zergling x6  
  134  9:03  Drone x2  
  134  9:04  Drone x9  
  143  9:13  Drone x8, Ultralisk Cavern  
  143  9:15  Extractor  
  149  9:26  Zergling x2  
  149  9:28  Overlord x9  
  150  9:33  Queen  
  145  9:41  Drone x5  
  150  9:51  Overseer  
  150  9:52  Spore Crawler  
  145  9:53  Drone, Pneumatized Carapace  
  145  9:54  Drone x4  
  145  9:55  Zerg Melee Weapons Level 3, Zerg Ground Armor Level 3  
  145  9:58  Drone  
  145  9:59  Drone, Extractor  
  150  10:08  Extractor  
  150  10:09  Extractor  
  148  10:17  Spire  
  148  10:19  Zergling x30  
  148  10:20  Zergling x8  
  166  10:30  Chitinous Plating  
  166  10:33  Zergling x18  
  172  10:47  Zergling x14  
  172  10:48  Zergling x12  
  165  10:53  Ultralisk x2  
  165  10:54  Baneling  
  165  10:55  Baneling x2  
  173  11:10  Drone  
  173  11:11  Drone x4  
  171  11:15  Zergling x8, Ultralisk  
  171  11:16  Zergling x20  
  180  11:26  Zergling x4  
  180  11:27  Baneling  
  180  11:28  Baneling x14  
  180  11:29  Baneling  
  175  11:40  Zergling x24  
  168  11:52  Queen  
  168  11:53  Zergling x8, Ultralisk x2  
  173  11:58  Zergling x4  
  168  12:05  Ultralisk  
  168  12:06  Zergling x4  
  169  12:09  Baneling x2  
  169  12:10  Baneling x3  
  169  12:14  Extractor  
  169  12:15  Extractor  
  161  12:18  Zergling x10  
  161  12:21  Hatchery  
  161  12:22  Anabolic Synthesis  
  158  12:27  Zergling x12  
  164  12:31  Baneling x4  
  161  12:45  Zergling x18  
  161  12:46  Overseer  
  161  12:49  Baneling  
  161  12:50  Baneling x4  
  170  12:56  Zergling x6  
  145  13:21  Viper x2  
  145  13:23  Zergling x8  
  145  13:24  Zergling x10  
  160  13:29  Queen x2  
  160  13:30  Queen  
  160  13:33  Queen  
  168  13:39  Zergling x2  
  168  13:40  Zergling x8  
  151  13:50  Zergling x8  
  151  13:55  Baneling x13  
  155  13:57  Zergling x6  
  157  14:04  Zergling x4  
  157  14:07  Extractor x2, Ultralisk x2  
  157  14:08  Queen  
  171  14:12  Baneling x8  
  171  14:15  Queen  
  173  14:19  Zergling x6  
  173  14:22  Zergling x2  
  173  14:23  Zergling x2  
  178  14:26  Zergling x2  
  179  14:34  Zergling x8  
  179  14:38  Zergling x2  
  179  14:39  Zergling x6  
  179  14:40  Corruptor x2  
  179  14:43  Corruptor  
  179  14:45  Queen  
  189  14:47  Corruptor  
  189  14:59  Zergling x16  
  188  15:07  Corruptor  
  180  15:10  Greater Spire  
  181  15:18  Zergling x2  
  181  15:19  Zergling x18  
  188  15:25  Hatchery  
  186  15:33  Zergling x12  
  185  15:45  Corruptor x2  
  189  15:52  Baneling Nest  
  179  16:04  Zergling x20  
  186  16:17  Extractor  
  181  16:21  Brood Lord x5  
  181  16:22  Brood Lord  
  181  16:23  Corruptor  
  181  16:24  Corruptor  
  188  16:26  Zergling x24  
  197  16:38  Corruptor  
  198  16:50  Overlord x2  
  198  16:51  Overlord  
  192  16:55  Overlord x2  
  192  17:10  Overlord x2  
  192  17:11  Overlord  
  192  17:15  Hatchery  
  192  17:20  Corruptor x4  
  199  17:28  Zergling x16  
  183  17:51  Zergling x14  
Tags
 
Add a new tag
Caveats
  • Supply blocks, unpowered buildings, or Contaminate may cause inaccurate times.
  • Supply counts are checked every 10 seconds.